 Dungeon Crawl Stone Soup version 0.23.2-33-g5129a83184 (webtiles) character file.

Game seed: 12660917932697567608

2993 AarnesTheHuman the Fighter (level 9, 0/75 HPs)
             Began as a Barachi Fighter on Aug 7, 2019.
             Was a Believer of Ashenzari.
             Slain by a wight
             ... wielding a cursed +0 long sword
              (8 damage)
             ... on level 7 of the Dungeon.
             The game lasted 00:22:37 (9251 turns).

AarnesTheHuman the Fighter (Barachi Fighter)        Turns: 9251, Time: 00:22:37

Health: 0/75       AC: 13    Str: 23    XL:     9   Next: 83%
Magic:  9/9        EV:  7    Int:  9    God:    Ashenzari [**....]
Gold:   381        SH: 11    Dex: 12    Spells: 8/8 levels left

rFire    . . .     SeeInvis .   p - +2 short sword (flame)
rCold    . . .     Gourm    .   c - +1 shield (curse)
rNeg     . . .     Faith    .   B - +0 scale mail {MR+}
rPois    .         Spirit   .   (no helmet)
rElec    .         Reflect  .   (no cloak)
rCorr    .         Harm     .   G - +0 pair of gloves (curse)
MR       +....                  A - +0 pair of boots (curse)
Stlth    ..........             (no amulet)
HPRegen  0.22/turn              j - +4 ring of protection (curse)
MPRegen  0.11/turn              b - +3 ring of strength (curse)

@: hasted, very heavily drained, quick
A: +LOS, swims, slowness 1, strong legs 1
a: Hop, Curse Item, Scrying, Renounce Religion


You were on level 7 of the Dungeon.
You worshipped Ashenzari.
Ashenzari was pleased with you.
You were not hungry.

You visited 1 branch of the dungeon, and saw 8 of its levels.

You collected 381 gold pieces.

Inventory:

Hand Weapons
 a - a +0 long sword
 p - a +2 short sword of flaming (weapon)
 y - a +1 dagger of venom
 F - a +0 dagger of draining
Armour
 c - a cursed +1 shield (worn)
 A - a cursed +0 pair of boots (worn)
 B - a +0 scale mail of magic resistance (worn)
 G - a cursed +0 pair of gloves (worn)
Jewellery
 b - a cursed +3 ring of strength (right hand)
 e - an uncursed ring of protection from cold
 j - a cursed +4 ring of protection (left hand)
Wands
 m - a wand of polymorph (10)
 r - a wand of random effects (14)
 v - a wand of scattershot (4)
 D - a wand of acid (7)
Scrolls
 h - a scroll of immolation
 k - 2 scrolls of amnesia
 x - 2 scrolls of fog
Potions
 n - 2 potions of mutation
 s - 2 potions of cancellation
 t - 2 potions of brilliance
 w - a potion of magic
 z - a potion of invisibility {unknown}
 C - a potion of berserk rage {unknown}
 E - a potion of flight {unknown}
 H - a potion of haste
Comestibles
 f - 10 rations


   Skills:
 + Level 8.8(3.8) Fighting
 + Level 5.9(1.7) Short Blades
 - Level 4.2(1.3) Long Blades
 + Level 8.8(3.8) Armour
 * Level 8.4(4.8) Shields


You had 8 spell levels left.
You didn't know any spells.
Your spell library contained the following spells:

 Spells                   Type           Power        Failure   Level  Hunger
 Magic Dart               Conj           #...         98%         1    ##.....
 Searing Ray              Conj           #.....       99%         2    ###....
 Dazzling Spray           Conj/Hex       #.....       100%        3    ####...
 Force Lance              Conj/Tloc      #.......     100%        4    #####..
 Fulminant Prism          Conj/Hex       #.........   100%        4    #####..
 Iskenderun's Mystic Bla  Conj           #.......     100%        4    #####..


Dungeon Overview and Level Annotations

Branches:
Dungeon (8/15)             Temple (0/1) D:7
   Lair: D:8-11

Altars:
Ashenzari
Cheibriados
Gozag
Nemelex Xobeh
Qazlal
Ru
Trog
Wu Jian

Shops:
D:5 }   D:6 :?(*%

Annotations:
D:5 2 transporters, euginm's ghost, novice SpEn
D:7 exclusion: downstairs


Innate Abilities, Weirdness & Mutations

Shadows flee at your approach. (+LOS)
You can swim through water.
You cover ground slowly.
You can hop short distances.


Message History

* * * LOW HITPOINT WARNING * * *
You feel drained.
* * * LOW HITPOINT WARNING * * *
You barely miss the wight.
The wight is lightly damaged.
You block the wight's attack.
You hit the wight but do no damage.
The wight is lightly damaged.
You block the wight's attack. The wight hits you but does no damage.
You feel yourself speed up. You block the wight's attack. x2
You hit the wight. You burn the wight.
The wight is severely damaged.
The wight hits you but does no damage. You block the wight's attack.
You barely miss the wight.
The wight is severely damaged.
The wight hits you but does no damage.
Your scale mail prevents you from hitting the wight.
The wight is severely damaged.
The wight hits you with a cursed +0 long sword!
You die...

#...#.#########
##..#.#
#####..#.##
##.........#
#.....#....# #
#.....#....# #
#.....##...# #
#.....##[..# #
#.....@zz>.# #
########.[.# #
##### #


You could see 2 wights.

Vanquished Creatures
  A hippogriff (D:7)
  Sigmund (D:3)
  Duvessa (D:4)
  2 orc warriors
  3 phantoms
  A black bear (D:7)
  A sky beast (D:6)
  An ogre (D:5)
  A centaur (D:7)
  A big kobold (D:7)
  Dowan (D:4)
  4 bullfrogs
  4 scorpions
  7 killer bees (D:7)
  6 wights
  2 hounds
  2 quasits
  2 orc priests (D:6)
  4 orc wizards
  A bullfrog skeleton (D:5)
  An iguana (D:7)
  4 worker ants
  A worker ant zombie (D:7)
  6 adders
  2 shadow imps (D:7)
  An ooze (D:7)
  2 adder skeletons (D:6)
  4 worms
  2 dart slugs
  A leopard gecko (D:5)
  29 orcs
  3 giant cockroaches (D:3)
  2 goblins
  4 hobgoblins
  10 jackals
  9 kobolds
  A quokka (D:7)
  4 bats
  4 frilled lizards
  A leopard gecko skeleton (D:7)
  A leopard gecko zombie (D:5)
  A quokka skeleton (D:4)
  6 rats
145 creatures vanquished.

Notes
Turn   | Place    | Note
-------+----------+-------------------------------------------
     0 | D:1      | AarnesTheHuman the Barachi Fighter began the quest for the
                  | Orb.
     0 | D:1      | Reached XP level 1. HP: 18/18 MP: 1/1
   749 | D:2      | Reached XP level 2. HP: 20/25 MP: 2/2
   764 | D:2      | Found a stormy altar of Qazlal.
   952 | D:2      | You fall through a shaft!
   952 | D:3      | Found a sparkling altar of Nemelex Xobeh.
   984 | D:3      | Reached XP level 3. HP: 30/30 MP: 3/3
  1213 | D:2      | Found a bloodstained altar of Trog.
  1568 | D:3      | Reached XP level 4. HP: 21/37 MP: 4/4
  2200 | D:3      | Noticed Sigmund
  2313 | D:3      | Found an ornate altar of the Wu Jian Council.
  2512 | D:3      | Killed Sigmund
  2512 | D:3      | Reached skill level 5 in Fighting
  2512 | D:3      | Reached skill level 5 in Armour
  2512 | D:3      | Reached XP level 5. HP: 23/44 MP: 5/5
  2512 | D:3      | Reached XP level 6. HP: 27/51 MP: 6/6
  2831 | D:3      | Found a shattered altar of Ashenzari.
  2842 | D:3      | Became a worshipper of Ashenzari the Shackled
  3460 | D:4      | Found a sparkling altar of Nemelex Xobeh.
  3495 | D:4      | Reached skill level 5 in Shields
  3536 | D:4      | Found an opulent altar of Gozag.
  3656 | D:4      | Noticed Dowan
  3657 | D:4      | Noticed Duvessa
  3740 | D:4      | Killed Duvessa
  3740 | D:4      | Reached XP level 7. HP: 36/57 MP: 7/7
  3993 | D:4      | Killed Dowan
  4250 | D:5      | Entered Level 5 of the Dungeon
  4269 | D:5      | Reached skill level 1 in Short Blades
  4780 | D:5      | Found a transporter.
  4782 | D:5      | Noticed euginm's ghost (novice SpEn)
  4787 | D:5      | Reached XP level 8. HP: 65/65 MP: 8/8
  4842 | D:5      | Found a transporter.
  4904 | D:5      | Found Riuqaxkeuni's Gadget Shoppe.
  5184 | D:5      | Found a snail-covered altar of Cheibriados.
  5492 | D:6      | Reached * piety under Ashenzari
  5843 | D:6      | Found Qerrus's Magic Scroll Shop.
  6140 | D:6      | Found Duobu's Assorted Antiques.
  6406 | D:6      | Found Fena's Food Shoppe.
  6462 | D:6      | Found Dononnul's Antique Weapon Emporium.
  6475 | D:6      | Found Cibiac's Book Emporium.
  6545 | D:6      | Reached XP level 9. HP: 72/73 MP: 9/9
  7092 | D:7      | Reached skill level 5 in Short Blades
  7621 | D:7      | Found a staircase to the Ecumenical Temple.
  8390 | D:8      | Noticed a two-headed ogre
  8449 | D:8      | Found a sacrificial altar of Ru.
  8538 | D:8      | Noticed a queen bee
  8560 | D:7      | HP: 2/75 [killer bee (6)]
  8851 | D:8      | Reached ** piety under Ashenzari
  9251 | D:7      | Slain by a wight

Skill      XL: |  1  2  3  4  5  6  7  8  9 |
---------------+----------------------------+-----
Fighting       | 4 5 6 7 8 |  8.8
Armour         | 4 5 6 7 8 |  8.8
Long Blades    | 3 4 |  4.2
Shields        | 4 5 7 8 |  8.4
Short Blades   | 2 4 5 |  5.9

Action                   |  1- 3 |  4- 6 |  7- 9 || total
-------------------------+-------+-------+-------++-------
Melee: Long sword        |    99 |    36 |       ||   135
       Dagger            |       |   117 |       ||   117
       Short sword       |       |       |   585 ||   585
Invok: Curse Item        |       |       |     5 ||     5
 Abil: Hop               |       |     2 |     1 ||     3
Evoke: Wand              |       |       |     5 ||     5
  Use: Potion            |       |     1 |     6 ||     7
       Scroll            |       |    13 |    10 ||    23
  Eat: Chunk             |     2 |     8 |    11 ||    21
       Ration            |       |       |     3 ||     3
Armor: Scale mail        |    51 |    70 |   223 ||   344
Dodge: Dodged            |    42 |    39 |   147 ||   228
Block: Shield            |    59 |    90 |   278 ||   427
       Rpst.: Long sword |    12 |     6 |       ||    18
